Map: Dusk Towers

Players

Jerit

  • Race: Zerg Zerg

A.I. 1 (Very Easy) - Winner!

  • Race: Protoss Protoss

VOD

Have the link to the VOD?

Description

Practice exercise for beginner Zerg. Saturated 2 bases with workers. 22 x 2 = 44 workers. Practice until you meet the benchmark ~4:15 minutes.

Time

  • Played on: Nov. 25, 2015, 10:59 p.m.
  • Length: 4:15
Show
View Real Time Build Order
Export as new Build Order

Jerit Zerg 

Build Orders: Hatch First 

Get SALT Encoding   

  12  0:01  Drone  
  13  0:13  Overlord  
  13  0:19  Drone  
  14  0:31  Drone x2  
  14  0:35  Drone  
  17  0:54  Hatchery  
  17  0:57  Drone  
  17  0:59  Drone  
  18  1:14  Spawning Pool  
  18  1:16  Drone  
  18  1:24  Drone  
  19  1:30  Overlord  
  20  1:40  Drone  
  20  1:50  Drone  
  21  2:01  Queen  
  21  2:03  Overlord  
  21  2:06  Queen  
  21  2:08  Drone  
  26  2:11  Drone  
  27  2:18  Drone  
  28  2:24  Drone  
  28  2:28  Drone  
  30  2:34  Overlord  
  30  2:38  Drone  
  31  2:46  Drone  
  31  2:51  Drone  
  33  2:54  Drone  
  34  3:00  Overlord  
  34  3:05  Drone  
  35  3:10  Extractor  
  34  3:13  Extractor  
  34  3:15  Drone  
  34  3:16  Drone x6  
  34  3:19  Extractor  
  39  3:20  Drone, Extractor  
  39  3:25  Drone  
  40  3:34  Drone  
  40  3:36  Drone  
  42  3:43  Drone x2  
  44  3:49  Drone x2  
  44  3:50  Drone x2  
Show
View Real Time Build Order
Export as new Build Order

A.I. 1 (Very Easy) Protoss - Winner!

Build Orders: 1 Gate Expand, Nexus First 

Get SALT Encoding   

  12  0:01  Probe (Chrono Boost)  
  13  0:11  Probe (Chrono Boost)  
  14  0:20  Pylon  
  14  0:42  Gateway  
  14  1:00  Nexus  
  14  1:18  Pylon  
  14  1:22  Assimilator  
  14  1:26  Zealot  
  16  1:34  Cybernetics Core  
  16  1:37  Probe (Chrono Boost)  
  17  1:48  Probe (Chrono Boost)  
  18  1:58  Assimilator  
  18  1:59  Probe (Chrono Boost)  
  19  2:07  Stalker  
  19  2:11  Probe (Chrono Boost)  
  19  2:15  Probe (Chrono Boost)  
  23  2:18  Warp Gate  
  24  2:22  Probe (Chrono Boost)  
  25  2:30  Probe (Chrono Boost)  
  25  2:36  Probe (Chrono Boost)  
  26  2:45  Probe (Chrono Boost)  
  26  2:46  Assimilator  
  26  2:47  Pylon  
  27  2:54  Probe (Chrono Boost)  
  28  3:00  Probe (Chrono Boost)  
  29  3:08  Probe (Chrono Boost)  
  29  3:10  Robotics Facility  
  30  3:22  Zealot  
  30  3:23  Probe (Chrono Boost)  
  33  3:30  Probe (Chrono Boost)  
  34  3:39  Probe (Chrono Boost)  
  35  3:44  Probe (Chrono Boost)  
  36  3:53  Probe (Chrono Boost)  
  37  4:00  Probe (Chrono Boost)  
Tags
 
Add a new tag
Caveats
  • Supply blocks, unpowered buildings, or Contaminate may cause inaccurate times.
  • Supply counts are checked every 10 seconds.